 Dungeon Crawl Stone Soup version 0.28.0-53-g5a82cb258f (webtiles) character file.

Game seed: 5442439580869300801

14 Atelerd the Digger (level 2, 0/17 HPs)
             Began as an Octopode Earth Elementalist on June 11, 2022.
             Succumbed to an adder's poison
             ... on level 2 of the Dungeon.
             The game lasted 00:00:45 (1063 turns).

Atelerd the Digger (Octopode Earth Elementalist)    Turns: 1063, Time: 00:00:45

Health: 0/17       AC:  1    Str:  7    XL:     2   Next: 45%
Magic:  0/5        EV: 13    Int: 17    God:
Gold:   31         SH:  0    Dex: 12    Spells: 4/5 levels left

rFire   . . .      SeeInvis .   h - +0 rapier
rCold   . . .      Faith    .   (no shield)
rNeg    . . .      Spirit   .   (helmet restricted)
rPois   .          Reflect  .   (no amulet)
rElec   .          Harm     .   (no ring)
rCorr   .          Rampage  .   (no ring)
Will    .....                   (no ring)
Stlth   +++.......              (no ring)
HPRegen 0.05/turn               (no ring)
MPRegen 0.09/turn               (no ring)
                                (no ring)
                                (no ring)

@: lethally poisoned (0 -> -7)
A: almost no armour, amphibious, 8 rings, camouflage 1, gelatinous body 1,
(nimble swimmer 1), tentacles
a: no special abilities


You were on level 2 of the Dungeon.
You visited 1 branch of the dungeon, and saw 2 of its levels.

You collected 31 gold pieces.

Inventory:

Hand Weapons
 h - a +0 rapier (weapon)
Missiles
 b - 49 stones
Jewellery
 g - a ring of poison resistance
Scrolls
 a - 2 scrolls of teleportation {unknown}
 c - a scroll of vulnerability {unknown}
 e - a scroll of fog {unknown}
 f - a scroll of brand weapon {unknown}
Potions
 d - a potion of cancellation {unknown}


   Skills:
 - Level 2.0 Dodging
 - Level 2.6 Stealth
 + Level 2.3 Spellcasting
 + Level 1.5 Transmutations
 + Level 3.2 Earth Magic


You had 4 spell levels left.
You knew the following spells:

 Your Spells              Type           Power      Damage    Failure   Level
a - Sandblast             Erth           26%        2d8       4%          1

Your spell library contained the following spells:

 Spells                   Type           Power      Damage    Failure   Level
 Passwall                 Tmut/Erth      8%         N/A       11%         2
 Stone Arrow              Conj/Erth      14%        3d7       28%         3
 Petrify                  Tmut/Erth      10%        N/A       56%         4


Dungeon Overview and Level Annotations

Branches:
Dungeon (2/15)

Altars:

Shops:
D:1 =


Innate Abilities, Weirdness & Mutations

You cannot wear most types of armour.
You are amphibious.
You can wear up to eight rings at the same time.
Your skin changes colour to match your surroundings (Stealth+).
Your rubbery body absorbs attacks. (AC +1, EV +1)
((You are camouflaged when in or above water. (Stealth+)))
You have tentacles for arms and can constrict up to eight enemies at once.


Message History

The giant cockroach barely misses you. x2
The blast of sand hits the giant cockroach.
The giant cockroach is almost dead.
The giant cockroach closely misses you.
You hit the giant cockroach.
You kill the giant cockroach!
No target in view!
You are too depleted to draw on your mana recklessly!
No target in view!
HP restored.
A kobold comes into view. It is wielding a +0 short sword.
A kobold is nearby!
A kobold is nearby!
A kobold is nearby!
A water moccasin skeleton comes into view.
Found 7 gold pieces.
There are monsters nearby!
You can't see any susceptible monsters within range! (Use Z to cast anyway.)
An adder comes into view.
The blast of sand hits the water moccasin skeleton!
The water moccasin skeleton is moderately damaged.
The water moccasin skeleton bites you.
The blast of sand misses the water moccasin skeleton.
The blast of sand hits the kobold.
You kill the kobold!
There are monsters nearby!
The blast of sand misses the adder.
The adder bites you. The adder bites you.
The blast of sand hits the adder.
The adder is heavily wounded.
The adder misses you.
The blast of sand hits the adder.
The adder is heavily wounded.
The adder bites you.
You are poisoned.
The adder poisons you! The water moccasin skeleton bites you!
* * * LOW HITPOINT WARNING * * *
You are too injured to fight recklessly!
You are too injured to fight recklessly!
You die...

.... .. ..... ###$..
....#####......#
#.)...#..#..#.# #
#...#.......... ..#
#...........#.#####.#
##SZ.............#
#...$............#
..#.#.@.##...†.....#
#......##.##......#
#...###...##......####
#.....##......)†........
.................#######
.###############........
#########


You could see an adder and a water moccasin skeleton.

Vanquished Creatures
  An endoplasm (D:1)
  A giant cockroach (D:2)
  2 goblins
  A hobgoblin (D:1)
  5 ball pythons
  A bat (D:2)
  A frilled lizard (D:1)
  A kobold (D:2)
  A rat (D:1)
14 creatures vanquished.

Notes
Turn   | Place    | Note
-------+----------+-------------------------------------------
     0 | D:1      | Atelerd the Octopode Earth Elementalist began the quest for
                  | the Orb.
     0 | D:1      | Reached XP level 1. HP: 11/11 MP: 3/3
   309 | D:1      | Found Fini's Jewellery Boutique.
   801 | D:1      | Reached XP level 2. HP: 17/17 MP: 5/5
   896 | D:1      | Found a faded altar of an unknown god.
  1063 | D:2      | Succumbed to an adder's poison

Illustrated notes

Levels and vault maps discovered:
D:1:      shiori_arrival_oz, layout_loops_cross, serial_shops,
          nicolae_shop_hallway_plus, chequers_ecumenical_altar_grove,
          palyth_stone_intersect
D:2:      layout_rooms, roderic_filled_cross, minmay_box_of_dots

Action                   || total
-------------------------++-------
Melee: Unarmed           ||     5
       Constrict         ||     3
       Tentacles         ||     2
       Rapier            ||     1
 Cast: Sandblast         ||    19
 Stab: Sleeping          ||     2
Armor: Skin              ||     1
Dodge: Dodged            ||     9
